 Dungeon Crawl Stone Soup version 0.17.1-2-g5865329 (webtiles) character file.

5358 Kloppie the Quickloader (level 10, -4/94 HPs)
             Began as a Deep Dwarf Hunter on Jan 14, 2016.
             Was a Priest of Makhleb.
             Killed from afar by a guardian serpent (20 damage)
             ... with a bolt of poison
             ... on level 9 of the Dungeon.
             The game lasted 00:23:58 (7746 turns).

Kloppie the Quickloader (Deep Dwarf Hunter)         Turns: 7746, Time: 00:23:58

Health: -4/94      AC: 19    Str: 16      XL:     10   Next: 39%
Magic:  6/6        EV:  8    Int: 12      God:    Makhleb [***...]
Gold:   201        SH:  0    Dex: 15 (16) Spells: 0 memorised, 9 levels left

rFire  + . .     SeeInvis +     b - +3 whip (vamp)
rCold  . . .     Clarity  +     D - +0 chain mail
rNeg   . . .     SustAt   .     (no shield)
rPois  .         Gourm    .     t - +1 helmet
rElec  .         Spirit   .     n - +0 cloak
rCorr  .         Warding  .     k - +0 pair of gloves
rMut   .         Stasis   .     K - +2 pair of boots {Fly}
MR     +....                    J - amulet of clarity
Stlth  ..........               i - ring of protection from fire
                                G - ring of see invisible

@: lethally poisoned (-4 -> -14), non-regenerating, slowed, very slow, somewhat
resistant to hostile enchantments, extremely unstealthy
A: damage resistance, recharge devices, sense surroundings 2, slow regeneration
3
a: Device Recharging, Minor Destruction, Lesser Servant of Makhleb, Renounce
Religion, Evoke Flight


You were on level 9 of the Dungeon.
You worshipped Makhleb.
Makhleb was most pleased with you.
You were not hungry.

You visited 2 branches of the dungeon, and saw 10 of its levels.

You collected 354 gold pieces.
You spent 153 gold pieces at shops.

Inventory:

Hand Weapons
 a - a +1 hand crossbow
 b - a +3 vampiric whip (weapon)
 y - a +1 whip of draining
Missiles
 d - 33 bolts
Armour
 k - a +0 pair of gloves (worn)
 n - a +0 cloak (worn)
 t - a +1 helmet (worn)
 D - a +0 chain mail (worn)
 K - a +2 pair of boots of flying (worn)
Jewellery
 g - an uncursed ring of sustain attributes
 i - a ring of protection from fire (right hand)
 G - a ring of see invisible (left hand)
 J - an amulet of clarity (around neck)
Wands
 e - a wand of heal wounds (5)
 l - a wand of digging (13)
 m - a wand of polymorph (8)
 p - a wand of cold (0)
 U - a wand of confusion (25)
Scrolls
 j - 2 scrolls of identify
 o - a scroll of fog
 v - a scroll of magic mapping
 I - 2 scrolls of remove curse
Potions
 c - 5 potions of heal wounds
 f - 2 potions of resistance {unknown}
 q - 4 potions of agility {unknown}
 s - a potion of might
 u - a potion of invisibility {unknown}
 w - 4 potions of curing {unknown}
 z - a potion of lignification
 A - 3 potions of flight {unknown}
 F - a potion of haste {unknown}
 H - a potion of cure mutation {unknown}
 N - a potion of poison {unknown}
 P - a potion of brilliance {unknown}
Books
 C - a book of Callings

   Spells                             Type                      Level
   a - Summon Small Mammal            Summoning                    1
   b - Call Imp                       Summoning                    2
   c - Call Canine Familiar           Summoning                    3
   d - Summon Guardian Golem          Hexes/Summoning              3
   e - Summon Lightning Spire         Summoning/Air                4
   f - Summon Ice Beast               Ice/Summoning                4
 T - a book of Minor Magic

   Spells                             Type                      Level
   a - Magic Dart                     Conjuration                  1
   b - Blink                          Translocation                2
   c - Call Imp                       Summoning                    2
   d - Repel Missiles                 Charms/Air                   2
   e - Slow                           Hexes                        2
   f - Conjure Flame                  Conjuration/Fire             3
   g - Mephitic Cloud                 Conjuration/Poison/Air       3
Comestibles
 h - 7 bread rations
 r - 2 fruits
 x - 3 meat rations
 O - 3 beef jerkies
 S - 7 slices of pizza


   Skills:
 + Level 7.3 Fighting
 + Level 7.5 Maces & Flails
 + Level 9.4 Crossbows
 + Level 8.8 Armour
 - Level 2.1 Dodging
 - Level 1.2 Stealth


You had 9 spell levels left.
You didn't know any spells.

Dungeon Overview and Level Annotations

Branches:
Dungeon (9/15)             Temple (1/1) D:5
   Lair: D:8-11         Orc: D:9-12

Altars:
Ashenzari
Cheibriados
Dithmenos
Elyvilon
Fedhas
Gozag
Kikubaaqudgha
Makhleb
Nemelex Xobeh
Okawaru
Qazlal
Ru
Sif Muna
Trog
Vehumet
Xom
Yredelemnul
Zin
The Shining One

Shops:
D:6 [

Annotations:
D:3 matthes123's ghost, amateur GrGl


Innate Abilities, Weirdness & Mutations

You are resistant to damage.
You can recharge devices by infusing magical energy.
You passively map the area around you.
You do not regenerate naturally.


Message History

The guardian serpent closely misses you.
Your chain mail prevents you from hitting the guardian serpent.
The guardian serpent is heavily wounded.
You feel sick.
The guardian serpent completely misses you.
The quokka barely misses you.
You completely miss the guardian serpent.
The guardian serpent is heavily wounded.
The guardian serpent hits you. The quokka closely misses you.
The guardian serpent completely misses you.
You hit the guardian serpent but do no damage.
The guardian serpent is heavily wounded.
The quokka bites you but does no damage.
The guardian serpent hits you!
* * * LOW HITPOINT WARNING * * *
The quokka bites you but does no damage.
The guardian serpent coils itself and waves its upper body at you.
The bolt of poison hits you!
You are more poisoned.
You die...

##.####..... ,,,
,####(..#....... , *
*#.........# * , *
#.######..#,
#..#####.., , *, *
*#..#[$(#.. , * ,, *
##.#.#(!%#.. * , *
###..#.##+##...* * *
,........@S...... ,
, *,.#.......r......
,,,
................,
,................, ,
, ,
..........(....., *
................, ,
,
,,................,,
, , ...............,
,, , , , ,,


You could see a guardian serpent and a quokka.

Vanquished Creatures
  Erolcha (D:8)
  Maurice (D:8)
  A trapdoor spider zombie (D:9)
  Sigmund (D:6)
  A deep elf mage (D:8)
  A human (D:7)
  Menkaure (D:6)
  Duvessa (D:4)
  2 ice beasts
  3 sky beasts
  A phantom (D:5)
  A necrophage (D:8)
  An orc warrior (D:8)
  A black bear (D:8)
  3 centaurs
  3 ogres
  2 big kobolds
  Blork the orc (D:6)
  Dowan (D:4)
  3 giant frogs
  2 jellies
  4 scorpions
  A giant frog zombie (D:8)
  2 crimson imps
  2 quasits
  3 giant frog skeletons
  4 hounds
  2 centaur skeletons
  3 orc priests
  Terence (D:2)
  3 iguanas
  10 orc wizards
  6 worker ants
  4 sheep (D:7)
  A worker ant zombie (D:6)
  10 adders
  15 gnolls
  2 shadow imps
  An ooze (D:2)
  2 adder zombies
  An adder skeleton (D:5)
  A worm (D:5)
  5 giant geckos
  18 orcs
  3 bats
  3 giant cockroaches
  30 goblins
  27 hobgoblins
  6 jackals
  11 kobolds
  3 quokkas
  A giant gecko skeleton (D:7)
  A giant gecko zombie (D:7)
  5 giant newts
  A jackal zombie (D:7)
  4 rats
228 creatures vanquished.

Notes
Turn   | Place    | Note
--------------------------------------------------------------
     0 | D:1      | Kloppie the Deep Dwarf Hunter began the quest for the Orb.
     0 | D:1      | Reached XP level 1. HP: 19/19 MP: 1/1
   281 | D:1      | Reached XP level 2. HP: 20/26 MP: 2/2
   333 | D:1      | Reached skill level 1 in Armour
   738 | D:2      | Noticed Terence
   762 | D:2      | Killed Terence
   762 | D:2      | Reached skill level 1 in Maces & Flails
   762 | D:2      | Reached XP level 3. HP: 29/33 MP: 3/3
  1015 | D:2      | Reached XP level 4. HP: 40/40 MP: 4/4
  1703 | D:3      | Noticed matthes123's ghost (amateur GrGl)
  1717 | D:2      | Reached skill level 5 in Crossbows
  1806 | D:3      | Reached XP level 5. HP: 49/49 MP: 5/5
  2326 | D:4      | Noticed Duvessa
  2327 | D:4      | Noticed Dowan
  2425 | D:4      | Killed Duvessa
  2425 | D:4      | Reached XP level 6. HP: 35/56 MP: 6/6
  2451 | D:4      | Killed Dowan
  2668 | D:4      | Reached skill level 6 in Crossbows
  2668 | D:4      | Reached XP level 7. HP: 61/64 MP: 6/6
  3269 | D:5      | Entered Level 5 of the Dungeon
  3280 | D:5      | Found a staircase to the Ecumenical Temple.
  3295 | Temple   | Entered the Ecumenical Temple
  3404 | Temple   | Became a worshipper of Makhleb the Destroyer
  3502 | D:5      | Found a white marble altar of Elyvilon.
  3832 | D:5      | Reached XP level 8. HP: 46/73 MP: 6/6
  3908 | D:5      | Found a stormy altar of Qazlal.
  4294 | D:5      | Reached skill level 5 in Armour
  4375 | D:5      | Reached skill level 5 in Fighting
  4425 | D:6      | Noticed Blork the orc
  4440 | D:6      | Killed Blork the orc
  4476 | D:6      | Noticed Menkaure
  4492 | D:6      | Killed Menkaure
  4492 | D:6      | Reached skill level 7 in Crossbows
  4579 | D:6      | Found Lenoudgh's Antique Armour Emporium.
  4658 | D:6      | Reached * piety under Makhleb
  4689 | D:6      | Bought a pair of embroidered boots for 153 gold pieces
  4783 | D:6      | Reached skill level 5 in Maces & Flails
  5012 | D:6      | Noticed Sigmund
  5042 | D:6      | Killed Sigmund
  5542 | D:7      | Found a sparkling altar of Nemelex Xobeh.
  5650 | D:7      | Gained mutation: You passively map the area around you. [Deep Dwarf growth]
  5650 | D:7      | Reached XP level 9. HP: 52/82 MP: 6/6
  5889 | D:7      | Reached skill level 8 in Crossbows
  5954 | D:7      | Reached ** piety under Makhleb
  6659 | D:8      | Reached *** piety under Makhleb
  6714 | D:8      | Noticed Erolcha
  6742 | D:8      | Killed Erolcha
  6742 | D:8      | Reached skill level 9 in Crossbows
  6742 | D:8      | Reached XP level 10. HP: 58/92 MP: 6/6
  6856 | D:8      | Found an ancient bone altar of Kikubaaqudgha.
  6876 | D:8      | Found a snail-covered altar of Cheibriados.
  6876 | D:8      | Found a basalt altar of Yredelemnul.
  6889 | D:8      | Found a radiant altar of Vehumet.
  6901 | D:8      | Found a blossoming altar of Fedhas.
  7262 | D:8      | Noticed Maurice
  7292 | D:8      | Killed Maurice
  7730 | D:9      | Noticed a guardian serpent
  7746 | D:9      | Killed from afar by a guardian serpent

Action                   |  1- 3 |  4- 6 |  7- 9 | 10-12 || total
-------------------------+-------+-------+-------+-------++-------
Melee: Short sword       |    26 |       |       |       ||    26
       Whip              |   134 |   319 |  1044 |   295 ||  1792
 Abil: Device Recharging |       |     1 |     3 |       ||     4
       Stop Flying       |       |       |     1 |       ||     1
Evoke: Wand              |       |     6 |    15 |     4 ||    25
  Use: Scroll            |       |       |    12 |       ||    12
       Potion            |       |       |       |     1 ||     1
 Stab: Sleeping          |     1 |       |       |       ||     1
       Confused          |       |       |     2 |       ||     2
  Eat: Bread ration      |     1 |       |       |       ||     1
       Chunk             |       |     6 |    16 |     3 ||    25
